 Dungeon Crawl Stone Soup version 0.28-a0-1624-g820543e53a (webtiles) character file.

Game seed: 6455219675383853993

286 sasquatch the Cudgeller (level 6, -7/93 HPs)
             Began as an Ogre Berserker on Jan 23, 2022.
             Was a Believer of Trog.
             Mangled by a wight (16 damage)
             ... on level 4 of the Dungeon.
             The game lasted 00:02:35 (3141 turns).

sasquatch the Cudgeller (Ogre Berserker)            Turns: 3141, Time: 00:02:35

Health: -7/93      AC:  4    Str: 24    XL:     6   Next: 30%
Magic:  6/6        EV: 10    Int:  8    God:    Trog [**....]
Gold:   112        SH:  5    Dex:  8    Spells: 5/5 levels left

rFire   . . .      SeeInvis .   a - +0 mace
rCold   . . .      Faith    .   (no shield)
rNeg    . . .      Spirit   .   b - +0 animal skin
rPois   .          Reflect  +   (helmet restricted)
rElec   .          Harm     .   q - +0 cloak
rCorr   .          Rampage  .   (gloves unavailable)
Will    .....                   (boots unavailable)
Stlth   ..........              m - amulet of reflection
HPRegen 0.25/turn               (no ring)
MPRegen 0.10/turn               (no ring)

@: berserking, very quick
A: large, unfitting armour, tough skin 1
a: Renounce Religion, Berserk, Trog's Hand


You were on level 4 of the Dungeon.
You worshipped Trog.
Trog was pleased with you.
You visited 1 branch of the dungeon, and saw 4 of its levels.

You collected 112 gold pieces.

Inventory:

Hand Weapons
 a - a +0 mace (weapon)
 d - a +1 whip of freezing
Missiles
 l - 2 throwing nets (quivered)
Armour
 b - a +0 animal skin (worn)
 q - a +0 cloak (worn)
Jewellery
 m - an amulet of reflection (around neck)
Scrolls
 c - 2 scrolls of magic mapping {unknown}
 g - a scroll of teleportation {unknown}
 h - a scroll of noise {unknown}
 j - a scroll of summoning {unknown}
 o - a scroll of amnesia {unknown}
 r - 2 scrolls of identify {unknown}
 s - a scroll of enchant armour {unknown}
Potions
 e - 2 potions of heal wounds {unknown}
 f - a potion of might {unknown}
 i - 3 potions of curing {unknown}
 k - a potion of lignification {unknown}
 n - a potion of degeneration {unknown}
 p - a potion of berserk rage {unknown}


   Skills:
 - Level 4.0 Fighting
 + Level 6.2 Maces & Flails
 - Level 2.6 Dodging


You had 5 spell levels left.
You didn't know any spells.
Your spell library was empty.

Dungeon Overview and Level Annotations

Branches:
Dungeon (4/15)
 Temple: D:4-7

Altars:
Dithmenos
Elyvilon
Makhleb
Nemelex Xobeh

Shops:
D:1 :


Innate Abilities, Weirdness & Mutations

You are too large for most types of armour.
You have tough skin. (AC +1)


Message History

The gnoll hits you with a +0 spear. The gnoll hits you but does no damage.
The wight hits you but does no damage.
You hit the wight.
The wight is severely damaged.
The gnoll hits you with a +0 spear. The gnoll hits you with a +0 club.
The gnoll hits you with a +0 whip.
You are too injured to fight recklessly!
There are monsters nearby!
Unknown command.
Your +1 whip of freezing stops glowing.
a - a +0 mace (weapon)
The wight hits you with a +0 flail.
A red film seems to cover your vision as you go berserk!
You feel yourself moving faster!
You feel mighty! The gnoll hits you with a +0 spear.
The gnoll barely misses you. The gnoll closely misses you.
The wight hits you with a +0 flail!
* * * LOW HITPOINT WARNING * * *
You feel drained.
* * * LOW HITPOINT WARNING * * *
You are too injured to fight recklessly!
You are too injured to fight recklessly!
Unknown command.
You hit the wight.
You destroy the wight!
Trog accepts your kill. The gnoll hits you with a +0 spear.
* * * LOW HITPOINT WARNING * * *
The gnoll completely misses you. The gnoll barely misses you.
Your life force feels restored.
You sock the gnoll!
The gnoll is heavily wounded.
The gnoll hits you with a +0 spear.
* * * LOW HITPOINT WARNING * * *
The gnoll barely misses you.
Unknown command.
You thump the gnoll!
You kill the gnoll!
Trog accepts your kill. The wight hits you with a +2 war axe!
You die...

##..## ##...# ###
##...## #.## ##....#
##.####....##
#....#.....# #
#.........##### ####..#
##............###z.....#
##.............@g....#
##............)g.....#
#.....############...
##....# #.. ...# ##...#
##.. .... #...### #...
#.. ##....## #..# #..
#......### ##..# ##..
#...#.....### #...# #...


You could see a wight and 2 gnolls.

Vanquished Creatures
  A water moccasin skeleton (D:4)
  A wight (D:4)
  A crimson imp (D:4)
  An orc wizard (D:3)
  4 adders
  2 gnolls (D:4)
  A white imp (D:4)
  An ufetubus (D:4)
  An adder skeleton (D:4)
  4 dart slugs
  3 orcs (D:3)
  7 endoplasms
  3 giant cockroaches
  6 goblins
  7 hobgoblins
  2 quokkas
  5 ball pythons
  3 bats
  4 frilled lizards
  8 kobolds
  A quokka skeleton (D:4)
  4 rats
70 creatures vanquished.

Notes
Turn   | Place    | Note
-------+----------+-------------------------------------------
     0 | D:1      | sasquatch the Ogre Berserker began the quest for the Orb.
     0 | D:1      | Reached XP level 1. HP: 24/24 MP: 1/1
   172 | D:1      | Found Qocvycs's Book Boutique.
   263 | D:1      | Reached skill level 3 in Maces & Flails
   266 | D:1      | Reached XP level 2. HP: 32/32 MP: 2/2
   795 | D:1      | Reached XP level 3. HP: 36/39 MP: 3/3
   837 | D:1      | Found a faded altar of an unknown god.
   983 | D:2      | Reached skill level 4 in Maces & Flails
  1083 | D:2      | Reached ** piety under Trog
  1499 | D:3      | Reached XP level 4. HP: 48/48 MP: 4/4
  1774 | D:3      | Reached skill level 5 in Maces & Flails
  1782 | D:3      | Reached XP level 5. HP: 51/54 MP: 5/5
  1809 | D:3      | Found a sparkling altar of Nemelex Xobeh.
  1810 | D:3      | Found a shadowy altar of Dithmenos.
  1812 | D:3      | Found a burning altar of Makhleb.
  2463 | D:4      | Found a white marble altar of Elyvilon.
  2794 | D:4      | Reached skill level 6 in Maces & Flails
  2794 | D:4      | Reached XP level 6. HP: 39/62 MP: 6/6
  3141 | D:4      | Mangled by a wight

Illustrated notes

Levels and vault maps discovered:
D:1:      amcnicky_arrival_double_pillar, layout_basic,
          chequers_ecumenical_altar_island, serial_shops, shop
D:2:      layout_basic
D:3:      layout_rooms, chequers_temple_overflow_statue_of_worship
D:4:      kennysheep_six_static_rooms, layout_layer_cave, elyvilon_altar_3,
          minmay_fire_ice_demons

Skill      XL: |  1  2  3  4  5 |
---------------+----------------+-----
Maces & Flails | 3 4 5 6 |  6.2
Fighting       | |  4.0
Dodging        | |  2.6

Action                   |  1- 3 |  4- 6 || total
-------------------------+-------+-------++-------
Melee: Mace              |    29 |    11 ||    40
       Whip              |    65 |   126 ||   191
       Punch             |     1 |     3 ||     4
Invok: Berserk           |       |     2 ||     2
 Stab: Sleeping          |       |     1 ||     1
Armor: Animal skin       |    18 |    27 ||    45
Dodge: Dodged            |    41 |    77 ||   118
Block: Other             |     1 |    23 ||    24
       Reflection        |       |     1 ||     1

Table legend: (Time is in decaauts)
 A = Elapsed time spent in this place.
 B = Non-inter-level travel time spent in this place.
 C = Inter-level travel time spent in this place.
 D = Time resting spent in this place.
 E = Time spent auto-exploring this place.
 F = Levels seen in this place.
 G = Mean time per level.
                   A        B        C        D        E       F      G
               +--------+--------+--------+--------+--------+-----+--------+
         Total |   3134 |   3076 |     58 |    114 |   2491 |   4 |  783.5 |
       Dungeon |   3134 |   3076 |     58 |    114 |   2491 |   4 |  783.5 |
               +--------+--------+--------+--------+--------+-----+--------+

Top non-repeatable levels by time:
     D:4: 1074 daAuts
     D:1: 878 daAuts
     D:2: 614 daAuts
     D:3: 566 daAuts
